Map: Acid Plant LE

Players

Rodzyn - Winner!

  • Race: Protoss Protoss
  • League: Grandmaster
  • Spawn Location: 5:00

Matiz

  • Race: Zerg Zerg
  • League: Grandmaster
  • Spawn Location: 11:00

VOD

Have the link to the VOD?

Description

Time

  • Played on: Oct. 20, 2018, 11:50 a.m.
  • Length: 28:05
Show
View Real Time Build Order
Export as new Build Order

Rodzyn Protoss - Winner!

Build Orders:  

Get SALT Encoding   

  12  0:01  Probe  
  13  0:13  Probe  
  14  0:19  Pylon  
  14  0:27  Probe  
  15  0:35  Probe  
  15  0:40  Gateway  
  16  0:43  Probe  
  16  0:49  Assimilator  
  17  0:54  Probe  
  18  1:02  Probe  
  18  1:04  Forge  
  19  1:16  Probe  
  19  1:24  Pylon  
  20  1:32  Pylon  
  20  1:34  Pylon  
  20  1:41  Probe  
  20  1:43  Photon Cannon  
  20  1:45  Photon Cannon  
  21  1:54  Cybernetics Core  
  21  1:59  Assimilator  
  21  2:13  Pylon  
  21  2:15  Photon Cannon  
  21  2:31  Robotics Facility  
  21  2:34  Shield Battery  
  21  2:50  Shield Battery  
  21  2:53  Photon Cannon  
  21  2:58  Photon Cannon  
  21  3:07  Shield Battery  
  21  3:11  Immortal  
  25  3:33  Pylon  
  25  3:39  Photon Cannon  
  25  3:43  Warp Prism  
  25  3:44  Adept  
  29  4:09  Photon Cannon  
  29  4:24  Immortal  
  33  4:54  Assimilator, Immortal, Pylon  
  37  5:17  Probe  
  38  5:29  Probe  
  39  5:39  Immortal  
  39  5:41  Probe  
  44  6:01  Stargate  
  44  6:08  Immortal  
  44  6:41  Shield Battery  
  44  6:42  Shield Battery  
  44  6:43  Shield Battery  
  44  6:52  Shield Battery x2  
  44  6:54  Shield Battery  
  48  7:19  Robotics Facility  
  44  7:27  Robotics Facility  
  40  7:58  Shield Battery  
  40  8:01  Immortal  
  44  8:14  Immortal  
  44  8:16  Pylon, Phoenix  
  44  8:18  Pylon  
  50  8:22  Shield Battery  
  50  8:24  Shield Battery  
  50  8:32  Immortal  
  50  8:38  Shield Battery  
  54  8:52  Shield Battery x2  
  50  9:06  Immortal  
  48  9:49  Warp Prism  
  48  10:10  Shield Battery  
  48  10:12  Shield Battery  
  48  10:18  Immortal  
  48  10:55  Immortal  
  52  11:19  Shield Battery  
  52  11:24  Immortal  
  56  12:03  Immortal  
  60  12:33  Immortal  
  64  13:12  Immortal  
  68  13:19  Nexus  
  68  13:55  Pylon  
  68  14:06  Pylon  
  66  14:31  Robotics Facility  
  66  15:42  Probe  
  67  15:43  Robotics Bay  
  67  15:48  Robotics Facility  
  67  15:49  Probe  
  68  15:52  Pylon  
  68  15:54  Probe  
  69  16:19  Assimilator  
  69  16:20  Assimilator  
  69  16:25  Colossus, Protoss Ground Weapons Level 1  
  69  16:27  Shield Battery  
  69  16:29  Photon Cannon  
  69  16:31  Shield Battery  
  75  16:44  Extended Thermal Lance  
  75  17:00  Pylon  
  75  17:07  Colossus  
  75  17:15  Colossus  
  81  17:24  Pylon  
  86  17:36  Pylon x2  
  86  17:53  Twilight Council  
  86  17:55  Warp Gate  
  86  17:57  Gateway  
  86  18:05  Colossus  
  92  18:55  Templar Archives  
  92  19:15  Probe  
  93  19:26  Protoss Ground Weapons Level 2  
  93  19:30  Nexus  
  93  19:31  Pylon  
  93  19:38  Phoenix  
  93  19:51  Gateway  
  93  19:53  Gateway  
  93  19:55  Phoenix  
  93  20:15  High Templar x2, Phoenix  
  93  20:19  Archon  
  99  20:31  Phoenix  
  101  20:54  High Templar  
  101  20:55  High Templar  
  107  20:57  High Templar x2  
  107  20:59  Archon  
  107  21:01  Archon  
  107  21:32  Cybernetics Core  
  101  21:44  Probe x3  
  104  21:48  Templar Archives  
  104  21:56  Zealot x4, Probe  
  104  22:00  Blink  
  113  22:22  Stalker x3  
  119  22:23  Stalker  
  116  22:51  Probe x3  
  116  22:53  Assimilator  
  116  22:55  Assimilator  
  118  22:58  Stalker x2  
  118  22:59  Stalker  
  118  23:03  Probe  
  125  23:10  Probe x2  
  121  23:33  Pylon  
  121  23:34  Pylon  
  121  23:40  Colossus  
  121  23:45  Stalker x2  
  125  23:52  Colossus  
  125  23:53  Stalker x2  
  133  24:28  Probe  
  133  24:30  Probe  
  133  24:31  Stalker x3  
  141  24:48  Protoss Ground Weapons Level 3  
  137  25:04  Nexus  
  137  25:05  Pylon  
  137  25:06  Pylon  
  137  25:08  Pylon  
  137  25:22  Colossus  
  137  25:23  Stalker x2  
  137  25:27  Probe x2  
  149  25:36  Stalker x2  
  153  25:57  Colossus  
  151  26:13  Colossus  
  155  26:30  Stalker x2  
  155  26:31  Stalker x2  
  155  26:32  Probe x4  
  167  26:44  Probe  
  148  27:03  Colossus  
  154  27:14  Probe  
  155  27:16  Probe  
  155  27:17  Probe x2  
  155  27:18  Stalker  
  155  27:19  Stalker x3  
  166  27:26  Gateway  
  166  27:27  Probe  
  166  27:28  Gateway, Probe  
  166  27:29  Probe x2  
  150  28:00  Stalker x4  
Show
View Real Time Build Order
Export as new Build Order

Matiz Zerg 

Build Orders: Hatch First, Swarm Host 

Get SALT Encoding   

  12  0:01  Drone  
  13  0:13  Overlord  
  13  0:17  Drone  
  14  0:22  Extractor  
  14  0:23  Drone  
  15  0:32  Drone  
  16  0:49  Drone  
  17  0:52  Hatchery  
  17  0:56  Drone  
  17  1:00  Drone  
  18  1:13  Spawning Pool  
  18  1:14  Extractor  
  18  1:17  Drone  
  17  1:20  Drone  
  18  1:34  Drone  
  19  1:50  Drone  
  20  2:02  Hatchery  
  20  2:03  Zergling x4  
  22  2:14  Hatchery  
  21  2:16  Overlord  
  21  2:25  Queen  
  21  2:26  Spore Crawler  
  23  2:38  Drone x2  
  26  2:47  Spine Crawler  
  26  2:49  Spine Crawler  
  24  2:53  Drone  
  24  2:55  Extractor  
  24  3:06  Lair  
  24  3:11  Drone x2  
  24  3:12  Spine Crawler  
  25  3:17  Drone  
  26  3:26  Spine Crawler  
  25  3:28  Drone, Spine Crawler  
  25  3:43  Drone x3  
  28  3:56  Spine Crawler  
  27  4:04  Queen  
  27  4:06  Drone  
  27  4:07  Overlord x2, Infestation Pit  
  29  4:13  Drone  
  29  4:24  Drone  
  29  4:30  Overlord  
  30  4:31  Spine Crawler  
  29  4:39  Queen  
  29  4:45  Spine Crawler  
  31  4:46  Swarm Host x2  
  31  4:49  Swarm Host  
  40  4:55  Swarm Host  
  43  5:13  Swarm Host  
  43  5:14  Swarm Host x2  
  52  5:25  Queen  
  54  5:40  Overlord x2  
  54  5:59  Swarm Host x2  
  60  6:25  Swarm Host x3  
  69  6:40  Overlord  
  69  6:41  Overlord  
  69  6:51  Queen  
  69  6:52  Spine Crawler  
  68  7:16  Swarm Host x4  
  80  7:29  Queen  
  82  7:37  Swarm Host x2  
  86  7:58  Overlord  
  86  7:59  Overlord  
  86  8:16  Overlord  
  86  8:41  Swarm Host x3  
  95  9:15  Queen  
  97  9:45  Hydralisk Den  
  93  10:02  Queen  
  95  10:10  Hatchery  
  94  10:17  Swarm Host x3  
  94  10:18  Swarm Host  
  106  10:24  Hydralisk x2  
  106  10:26  Overlord x2  
  110  10:43  Overlord x2  
  107  11:01  Hydralisk  
  107  11:02  Hydralisk  
  111  11:16  Swarm Host  
  114  11:32  Hydralisk x2  
  119  11:40  Drone  
  116  11:54  Drone x3  
  119  12:08  Hydralisk  
  116  12:11  Zergling x2  
  117  12:40  Drone  
  117  12:41  Drone x5  
  122  12:56  Hydralisk  
  123  13:08  Overlord  
  123  13:21  Swarm Host  
  126  13:35  Grooved Spines  
  124  13:41  Hydralisk  
  124  13:42  Hydralisk  
  128  14:19  Hydralisk x2  
  123  15:41  Hatchery  
  119  16:06  Drone  
  119  16:07  Drone x2  
  122  16:18  Drone  
  121  16:39  Overseer  
  121  17:01  Overseer  
  121  17:08  Hatchery  
  120  17:12  Spire  
  120  17:13  Extractor  
  118  17:24  Nydus Network  
  117  17:42  Drone x6, Hatchery  
  122  18:00  Extractor  
  122  18:02  Nydus Canal  
  121  18:09  Drone x4  
  125  18:21  Drone x2  
  124  18:59  Mutalisk x5  
  124  19:00  Mutalisk x2  
  129  19:05  Mutalisk  
  129  19:07  Extractor  
  124  19:15  Extractor, Mutalisk  
  124  19:16  Mutalisk x2  
  122  19:28  Mutalisk  
  124  19:39  Drone  
  125  19:46  Mutalisk  
  125  19:49  Drone x4  
  125  19:50  Drone x4  
  135  19:53  Hatchery  
  132  20:09  Corruptor x3  
  132  20:23  Corruptor  
  132  20:28  Nydus Canal  
  134  20:36  Overlord x2  
  134  20:37  Drone x5  
  131  21:14  Corruptor x5  
  139  22:06  Hydralisk x3  
  139  22:07  Hydralisk x6  
  149  22:35  Hydralisk  
  151  22:44  Extractor  
  151  22:49  Extractor  
  141  23:19  Spawning Pool  
  134  23:27  Hydralisk x2  
  134  23:28  Hydralisk x3  
  144  23:36  Overlord  
  144  23:37  Drone  
  144  23:38  Drone  
  146  23:55  Hydralisk x3  
  146  23:56  Hydralisk  
  152  24:16  Hatchery  
  152  24:17  Queen x2  
  149  24:20  Hydralisk, Extractor  
  154  24:24  Overlord x2  
  154  24:25  Overlord  
  154  24:46  Corruptor x3  
  154  25:01  Muscular Augments  
  150  25:22  Evolution Chamber  
  149  25:31  Zergling x4  
  149  25:32  Baneling Nest, Zergling x14  
  145  25:57  Corruptor x3  
  145  25:58  Corruptor x3  
  145  25:59  Queen  
  145  26:00  Queen x2  
  159  26:04  Metabolic Boost  
  149  26:25  Corruptor x4  
  143  26:30  Corruptor  
  143  26:32  Zergling x6  
  152  26:33  Zergling x2  
  138  27:02  Overlord  
  138  27:11  Extractor  
  138  27:12  Hydralisk  
  138  27:13  Hydralisk x6  
  148  27:17  Hatchery  
  98  27:58  Hatchery  
Tags
 
Add a new tag
Caveats
  • Supply blocks, unpowered buildings, or Contaminate may cause inaccurate times.
  • Supply counts are checked every 10 seconds.